 Dungeon Crawl Stone Soup version 0.27-a0-1434-g6f15984924 (webtiles) character file.

Game seed: 6997354054952990709

79 Delamore the Skirmisher (level 4, -1/37 HPs)
             Began as a Formicid Fighter on July 3, 2021.
             Succumbed to a goblin's poison
             ... on level 2 of the Dungeon.
             The game lasted 00:01:40 (2106 turns).

Delamore the Skirmisher (Formicid Fighter)          Turns: 2106, Time: 00:01:40

Health: -1/37      AC:  6    Str: 22    XL:     4   Next: 62%
Magic:  4/4        EV:  8    Int:  7    God:
Gold:   62         SH:  9    Dex: 10    Spells: 3/3 levels left

rFire    . . .     SeeInvis +   a - +1 quarterstaff
rCold    . . .     Faith    .   c - +0 kite shield
rNeg     . . .     Spirit   .   b - +0 scale mail
rPois    .         Reflect  .   (helmet unavailable)
rElec    .         Harm     .   (no cloak)
rCorr    .         Rampage  .   (no gloves)
Will     .....                  (no boots)
Stlth    ..........             (no amulet)
HPRegen  0.12/turn              (no ring)
MPRegen  0.09/turn              (no ring)

@: lethally poisoned (-1 -> -7), flying
A: permanent stasis, dig shafts and tunnels, antennae 3, four strong arms
a: Dig, Shaft Self


You were on level 2 of the Dungeon.
You visited 1 branch of the dungeon, and saw 3 of its levels.

You collected 62 gold pieces.

Inventory:

Hand Weapons
 a - a +1 quarterstaff (weapon)
Armour
 b - a +0 scale mail (worn)
 c - a +0 kite shield (worn)
Scrolls
 k - a scroll of identify
Potions
 d - a potion of might


   Skills:
 + Level 4.1 Fighting
 * Level 3.9 Staves
 - Level 3.2 Armour
 - Level 3.6 Shields


You had 3 spell levels left.
You didn't know any spells.
Your spell library contained the following spells:

 Spells                   Type           Power      Damage    Failure   Level
 Beastly Appendage        Tmut           0%         N/A       98%         1
 Wereblood                Tmut           0%         N/A       99%         2
 Spider Form              Tmut/Pois      0%         N/A       100%        3


Dungeon Overview and Level Annotations

Branches:
Dungeon (3/15)

Altars:

Shops:
D:2 =

Annotations:
D:3 Robin


Innate Abilities, Weirdness & Mutations

You cannot be hasted, slowed, berserked, paralysed or teleported.
You can dig through walls and to a lower floor.
You have a pair of large antennae on your head. (SInv)
Your four strong arms can wield two-handed weapons with a shield.


Message History

You are more poisoned.
The goblin hits you but does no damage.
The ball python bites you but does no damage.
The ball python constricts you.
You feel much better.
You feel very sick.
The goblin hits you but does no damage. x2
You are lethally poisoned!
You block the ball python's attack. The ball python constricts you.
The ball python's grasp on you weakens, but your attempt to escape fails.
You feel very sick. The ball python barely misses you.
The ball python constricts you. You block the goblin's attack. x2
You escape the ball python's grasp.
You feel very sick. You block the goblin's attack.
The ball python bites you but does no damage.
The ball python barely misses you.
Things that are here:
a +0 dagger; a goblin corpse
* * * LOW HITPOINT WARNING * * *
You feel very sick.
The ball python bites you but does no damage.
The ball python closely misses you. The goblin hits you with a +0 club.
* * * LOW HITPOINT WARNING * * *
* * * LOW HITPOINT WARNING * * *
You feel very sick.
* * * LOW HITPOINT WARNING * * *
You feel sick.
The ball python bites you but does no damage.
The ball python grabs you. The ball python constricts you.
Okay, then.
You feel very buoyant.
You fly up into the air.
* * * LOW HITPOINT WARNING * * *
You feel sick. You block the ball python's attack.
The ball python constricts you.
You sock the ball python!
You kill the ball python!
You die...

........###...........#....######
........# #......#....#......#
.......)# #####.......#..###.#
..).....# #####......(...# #.#
........###........)..#+## #.#
#....#...........)>......###.###
#................{)).....'.....#
#...........##'###......<#######
#.........####..@.g...........#
#.........# #.###............#
#.........##########..........#
......######.'.#§#§#.##########
......# #.#.§§§§#.# ......#
#.###§.##.# ......# #..#§§§§#.#
......# #.####§§#.# ......#
#..#.####.#


You could see a goblin.

Vanquished Creatures
  2 adders (D:2)
  2 worms
  2 dart slugs (D:1)
  3 ball pythons
  5 endoplasms
  3 giant cockroaches (D:1)
  9 goblins
  7 hobgoblins
  5 jackals (D:1)
  3 kobolds (D:2)
  A bat (D:1)
  A frilled lizard (D:2)
  2 rats (D:1)
45 creatures vanquished.

Notes
Turn   | Place    | Note
-------+----------+-------------------------------------------
     0 | D:1      | Delamore the Formicid Fighter began the quest for the Orb.
     0 | D:1      | Reached XP level 1. HP: 18/18 MP: 1/1
     1 | D:1      | Found a runed translucent door.
   302 | D:1      | Reached XP level 2. HP: 21/24 MP: 2/2
   780 | D:1      | Reached XP level 3. HP: 26/30 MP: 3/3
   948 | D:2      | Found Jallitwi's Jewellery Emporium.
  1244 | D:2      | HP: 1/30 [poisoned by a kobold]
  1544 | D:2      | Found a faded altar of an unknown god.
  1583 | D:2      | Reached XP level 4. HP: 28/37 MP: 4/4
  1758 | D:2      | Reached skill level 4 in Fighting
  1937 | D:3      | Noticed Robin
  2105 | D:2      | HP: 1/37 [poisoned by a goblin]
  2106 | D:2      | Succumbed to a goblin's poison

Illustrated notes

Levels and vault maps discovered:
D:1:      dpeg_arrival_caged_fury, layout_basic
D:2:      minmay_wonky_spiral, layout_basic, basic_ecumenical_altar,
          serial_shops, nicolae_diamond_shop
D:3:      layout_rooms, led_sif_pool, nicolae_overflow_hidden_temple, uniq_robin

Skill      XL: |  1  2  3  4 |
---------------+-------------+-----
Staves         | 3 |  3.9
Fighting       | 4 |  4.1
Armour         | |  3.2
Shields        | |  3.6

Action                   |  1- 3 |  4- 6 || total
-------------------------+-------+-------++-------
Melee: Quarterstaff      |   111 |    35 ||   146
  Use: Scroll            |       |     7 ||     7
       Potion            |       |     2 ||     2
Armor: Scale mail        |    52 |    36 ||    88
Dodge: Dodged            |    39 |    25 ||    64
Block: Kite shield       |    53 |    30 ||    83

Table legend: (Time is in decaauts)
 A = Elapsed time spent in this place.
 B = Non-inter-level travel time spent in this place.
 C = Inter-level travel time spent in this place.
 D = Time resting spent in this place.
 E = Time spent auto-exploring this place.
 F = Levels seen in this place.
 G = Mean time per level.
                   A        B        C        D        E       F      G
               +--------+--------+--------+--------+--------+-----+--------+
         Total |   2158 |   2119 |     39 |    498 |   1280 |   3 |  719.3 |
       Dungeon |   2158 |   2119 |     39 |    498 |   1280 |   3 |  719.3 |
               +--------+--------+--------+--------+--------+-----+--------+

Top non-repeatable levels by time:
     D:2: 1174 daAuts
     D:1: 967 daAuts
     D:3: 16 daAuts
